 Dungeon Crawl Stone Soup version 0.30-a0-141-g30f27751c5 (webtiles) character file.

Game seed: 5769260823256484672

1385 qw the Cleaver (level 8, -1/51 HPs)
             Began as a Gargoyle Fighter on Sept 25, 2022.
             Slain by a gnoll sergeant
             ... wielding a +5 vampiric spear
              (12 damage)
             ... on level 6 of the Dungeon.
             The game lasted 00:01:49 (5561 turns).

qw the Cleaver (Gargoyle Fighter)                   Turns: 5561, Time: 00:01:50

Health: -1/51      AC: 19    Str: 23    XL:     8   Next: 67%
Magic:  8/8        EV:  8    Int:  8    God:
Gold:   67         SH:  4    Dex:  9    Spells: 7/7 levels left

rFire   . . .      SeeInvis .    Y - +1 war axe
rCold   . . .      Faith    .    c - +0 buckler
rNeg    + . .      Spirit   .    b - +0 chain mail
rPois   inf        Reflect  .    (no helmet)
rElec   +          Harm     .    l - +0 cloak
rCorr   .          Rampage  .    e - +1 pair of gloves
Will    .....                    m - +0 pair of boots
Stlth   ..........               (no amulet)
HPRegen 0.17/turn                (no ring)
MPRegen 0.11/turn                (no ring)

@: no status effects
A: sickness immunity, AC +5, negative energy resistance 1, electricity
resistance, torment resistance 1, petrification resistance
a: no special abilities


You were on level 6 of the Dungeon.
You visited 1 branch of the dungeon, and saw 6 of its levels.

You collected 235 gold pieces.
You spent 168 gold pieces at shops.


Innate Abilities, Weirdness & Mutations

You are immune to sickness and miasma.
Your stone body is resilient. (AC +5)
You are immune to poison.
You resist negative energy. (rN+)
You are resistant to electric shocks. (rElec)
You are resistant to unholy torment.
You are immune to petrification.


   Skills:
 - Level 6.2 Fighting
 + Level 8.0 Axes
 - Level 4.1 Armour
 - Level 1.7 Dodging
 - Level 3.2 Shields


You had 7 spell levels left.
You didn't know any spells.
Your spell library was empty.

Inventory:

Hand Weapons
 o - a +0 morningstar
 Y - a +1 war axe (weapon)
Armour
 b - a +0 chain mail (worn)
 c - a +0 buckler (worn)
 e - a +1 pair of gloves (worn)
 h - the +2 ring mail of Woddup {rElec rCorr Str+5 Int-3}
   (You found it on level 6 of the Dungeon)

   Str:       It affects your strength (+5).
   Int:       It affects your intelligence (-3).
   rElec:     It insulates you from electricity.
   rCorr:     It protects you from acid and corrosion.
 l - a +0 cloak (worn)
 m - a +0 pair of boots (worn)
Scrolls
 a - 5 scrolls of identify
 k - 2 scrolls of teleportation
 p - a scroll of noise {unknown}
Potions
 d - 2 potions of might
 f - a potion of resistance
 g - 2 potions of lignification
 i - a potion of mutation
 j - a potion of heal wounds
 n - a potion of cancellation

Dungeon Overview and Level Annotations

Branches:
Dungeon (6/15)             Temple (0/1) D:4

Altars:
Nemelex Xobeh
Trog
Wu Jian
Yredelemnul
The Shining One

Shops:
D:6 ?

Annotations:
D:3 2 transporters, qw's ghost, amateur GrFi


Message History

The bullfrog is heavily wounded.
A gnoll comes into view. It is wielding a +0 halberd.
The bullfrog hits you but does no damage.
The gnoll hits you from afar with a +0 halberd.
The gnoll sergeant hits you but does no damage.
You closely miss the bullfrog.
The bullfrog is heavily wounded.
The gnoll shouts!
The bullfrog hits you but does no damage.
The gnoll hits you but does no damage.
The gnoll sergeant hits you but does no damage.
The bullfrog barely misses you.
You barely miss the bullfrog.
The bullfrog is heavily wounded.
You hit the gnoll.
The bullfrog hits you but does no damage.
The gnoll hits you but does no damage. You block the gnoll's attack.
The gnoll sergeant hits you but does no damage.
You block the bullfrog's attack.
You slash the bullfrog!
You kill the bullfrog!
You hit the gnoll. The gnoll hits you but does no damage.
The gnoll hits you from afar with a +0 halberd!
The gnoll sergeant hits you from afar with a +5 vampiric spear!
The gnoll hits you but does no damage. The gnoll closely misses you.
You block the gnoll sergeant's attack. The gnoll barely misses you.
Your Fighting skill increases to level 6!
You barely miss the gnoll.
The gnoll is heavily wounded.
The gnoll closely misses you.
The gnoll hits you from afar with a +0 halberd.
The gnoll barely misses you.
The gnoll sergeant hits you but does no damage.
You slash the gnoll!
You kill the gnoll!
The gnoll barely misses you.
The gnoll hits you from afar with a +0 halberd.
The gnoll sergeant hits you from afar with a +5 vampiric spear!
You die...

~...~.####..#.##...
..\..~.##.........
~...~...#......#.#
.~.ยค........##.#.#
).~.........#....#
................## .
.............:...# ..g
..............##%###...#
..............##@.gg...#
.##............#)%g..###
............##.#..g###
.##...............## .#
........##...## ..#
....... ##..# .## .....
.... .# .... .###.. .#
...


You could see a gnoll sergeant and 3 gnolls.

Vanquished Creatures
  An ice beast (D:6)
  4 black bears (D:5)
  An ogre (D:6)
  A centaur (D:5)
  A phantom (D:5)
  2 bullfrogs (D:6)
  2 scorpions
  A howler monkey (D:6)
  A hound (D:4)
  An orc priest (D:3)
  A gnoll bouda (D:5)
  An iguana (D:4)
  Terence (D:2)
  8 gnolls
  8 adders
  5 river rats (D:4)
  A shadow imp (D:6)
  A dart slug (D:4)
  10 orcs
  7 endoplasms
  3 giant cockroaches
  7 goblins
  8 hobgoblins
  3 jackals (D:2)
  4 quokkas
  8 ball pythons
  3 bats
  2 frilled lizards
  2 kobolds
  21 rats
119 creatures vanquished.

Notes
Turn   | Place    | Note
-------+----------+-------------------------------------------
     0 | D:1      | qw the Gargoyle Fighter began the quest for the Orb.
     0 | D:1      | Reached XP level 1. HP: 14/14 MP: 1/1
     0 | D:1      | 0 ||| qw: Version: 0.2-a-9-ge00f85e
     0 | D:1      | 0 ||| qw: Game counter: 94
     0 | D:1      | 0 ||| qw: Always use a shield: true
     0 | D:1      | 0 ||| qw: God list: Okawaru
     0 | D:1      | 0 ||| qw: Allow faded altars: false
     0 | D:1      | 0 ||| qw: Do Orc after D:15 true
     0 | D:1      | 0 ||| qw: Do second Lair branch before Depths: true
     0 | D:1      | 0 ||| qw: Lair rune preference: random
     0 | D:1      | 0 ||| qw: Plans: Normal, Zot:1-4, God:TSO, Crypt, Tomb,
                  | Pan, Slime:5, Hells, Abyss, Orb
     0 | D:1      | 0 ||| PLANNING D:1-11
    85 | D:1      | 85 ||| Stepping ~*~*~tactically~*~*~ (stealth).
    88 | D:1      | HP: 2/14 [gnoll/+0 club (8)]
    96 | D:1      | Reached skill level 2 in Axes
    96 | D:1      | Reached XP level 2. HP: 4/19 MP: 2/2
   352 | D:1      | 352 ||| DROPPING +0 club.
   731 | D:1      | Reached skill level 3 in Axes
   731 | D:1      | Reached XP level 3. HP: 13/23 MP: 3/3
   923 | D:1      | 923 ||| UPGRADING to +4 ring mail.
   933 | D:1      | 933 ||| DROPPING +0 scale mail.
   934 | D:1      | 934 ||| UPGRADING to +0 pair of boots.
   939 | D:1      | 939 ||| READING 2 scrolls labelled BENKUR MOCKACI.
   940 | D:1      | 940 ||| READING scroll labelled FIJAARPHOLUD.
   941 | D:1      | 941 ||| READING scroll labelled NYISHOXEASH.
   942 | D:1      | 942 ||| READING scroll labelled EMIPIA GIQE.
   943 | D:1      | 943 ||| READING scroll labelled TEFESKEIMET.
   944 | D:1      | 944 ||| DRINKING 2 puce potions.
   945 | D:1      | 945 ||| DROPPING scroll of immolation.
   972 | D:2      | 972 ||| Stepping ~*~*~tactically~*~*~ (stealth).
   973 | D:2      | 973 ||| Stepping ~*~*~tactically~*~*~ (stealth).
  1117 | D:2      | 1117 ||| Stepping ~*~*~tactically~*~*~ (stealth).
  1176 | D:2      | Reached XP level 4. HP: 26/28 MP: 4/4
  1334 | D:2      | Reached skill level 4 in Axes
  1544 | D:2      | 1544 ||| Stepping ~*~*~tactically~*~*~ (stealth).
  1570 | D:2      | Noticed Terence
  1579 | D:2      | Killed Terence
  1678 | D:2      | 1678 ||| Stepping ~*~*~tactically~*~*~ (stealth).
  1894 | D:2      | 1894 ||| UPGRADING to +0 chain mail.
  1904 | D:2      | 1904 ||| UPGRADING to +1 pair of gloves.
  1909 | D:2      | 1909 ||| DROPPING +4 ring mail.
  1910 | D:2      | 1910 ||| READING scroll labelled SATYTE SE ZEGOI.
  1959 | D:3      | 1959 ||| Stepping ~*~*~tactically~*~*~ (stealth).
  2029 | D:3      | Reached XP level 5. HP: 32/32 MP: 5/5
  2062 | D:3      | Noticed qw's ghost (amateur GrFi)
  2069 | D:3      | Found a transporter.
  2095 | D:3      | 2095 ||| Stepping ~*~*~tactically~*~*~ (hiding).
  2124 | D:3      | Found a transporter.
  2234 | D:3      | 2234 ||| Stepping ~*~*~tactically~*~*~ (stealth).
  2284 | D:3      | 2284 ||| Stepping ~*~*~tactically~*~*~ (stealth).
  2347 | D:3      | 2347 ||| Stepping ~*~*~tactically~*~*~ (stealth).
  2350 | D:3      | 2350 ||| Stepping ~*~*~tactically~*~*~ (stealth).
  2352 | D:3      | 2352 ||| Stepping ~*~*~tactically~*~*~ (stealth).
  2357 | D:3      | 2357 ||| Stepping ~*~*~tactically~*~*~ (stealth).
  2361 | D:3      | 2361 ||| Stepping ~*~*~tactically~*~*~ (stealth).
  2362 | D:3      | 2362 ||| Stepping ~*~*~tactically~*~*~ (stealth).
  2368 | D:3      | 2368 ||| Stepping ~*~*~tactically~*~*~ (stealth).
  2368 | D:3      | Found a faded altar of an unknown god.
  2378 | D:3      | Reached skill level 5 in Axes
  2431 | D:3      | 2431 ||| DROPPING +0 whip.
  2622 | D:3      | 2622 ||| DROPPING +0 ring mail of poison resistance.
  2623 | D:3      | 2623 ||| READING scroll labelled UFEOSA DADOG.
  2679 | D:3      | 2679 ||| DRINKING 2 inky potions.
  2713 | D:3      | 2713 ||| READING 2 scrolls of identify.
  2713 | D:3      | 2713 ||| IDENTIFYING metallic red potion
  2748 | D:4      | Found a staircase to the Ecumenical Temple.
  3030 | D:4      | 3030 ||| Stepping ~*~*~tactically~*~*~ (stealth).
  3032 | D:4      | 3032 ||| Stepping ~*~*~tactically~*~*~ (stealth).
  3121 | D:4      | Found a sparkling altar of Nemelex Xobeh.
  3124 | D:4      | Found an ornate altar of the Wu Jian Council.
  3128 | D:4      | Found a glowing golden altar of the Shining One.
  3231 | D:4      | Reached XP level 6. HP: 35/38 MP: 6/6
  3484 | D:4      | Found a basalt altar of Yredelemnul.
  3788 | D:4      | 3788 ||| Stepping ~*~*~tactically~*~*~ (hiding).
  4056 | D:4      | 4056 ||| READING scroll labelled BEDYKU QAJIUSS.
  4057 | D:4      | 4057 ||| READING 4 scrolls of identify.
  4057 | D:4      | 4057 ||| IDENTIFYING murky coppery potion
  4058 | D:4      | 4058 ||| READING 3 scrolls of identify.
  4058 | D:4      | 4058 ||| IDENTIFYING sedimented yellow potion
  4059 | D:4      | 4059 ||| READING 2 scrolls of identify.
  4059 | D:4      | 4059 ||| IDENTIFYING dark potion
  4060 | D:4      | 4060 ||| DROPPING potion of flight.
  4061 | D:4      | 4061 ||| DROPPING potion of magic.
  4073 | D:5      | Entered Level 5 of the Dungeon
  4096 | D:5      | Reached skill level 6 in Axes
  4097 | D:5      | Found a bloodstained altar of Trog.
  4097 | D:5      | Noticed a black bear
  4097 | D:5      | Noticed a black bear
  4106 | D:5      | Killed a black bear
  4107 | D:5      | Reached skill level 1 in Dodging
  4107 | D:5      | Reached XP level 7. HP: 38/43 MP: 7/7
  4365 | D:5      | 4365 ||| Stepping ~*~*~tactically~*~*~ (stealth).
  4369 | D:5      | 4369 ||| Stepping ~*~*~tactically~*~*~ (stealth).
  4370 | D:5      | 4370 ||| Stepping ~*~*~tactically~*~*~ (stealth).
  4417 | D:5      | 4417 ||| Stepping ~*~*~tactically~*~*~ (stealth).
  4458 | D:5      | Reached skill level 7 in Axes
  4605 | D:5      | 4605 ||| Stepping ~*~*~tactically~*~*~ (stealth).
  4619 | D:5      | Reached XP level 8. HP: 17/50 MP: 8/8
  4619 | D:5      | HP: 12/50 [gnoll bouda/+0 whip (5)]
  4620 | D:5      | 4620 ||| DRINKING 2 potions of heal wounds.
  5266 | D:5      | 5266 ||| DROPPING +4 ring mail.
  5267 | D:5      | 5267 ||| UPGRADING to +0 cloak.
  5272 | D:5      | 5272 ||| READING scroll labelled XOOPUS ZALODI.
  5287 | D:6      | Found Viwk's Magic Scroll Shop.
  5330 | D:6      | Identified the +2 ring mail of Woddup {rElec rCorr Str+5
                  | Int-3}
  5367 | D:6      | 5367 ||| FLEEEEING.
  5368 | D:6      | 5368 ||| FLEEEEING.
  5369 | D:6      | 5369 ||| FLEEEEING.
  5370 | D:6      | 5370 ||| STAIRDANCE
  5494 | D:5      | 5494 ||| READING 2 scrolls of identify.
  5494 | D:5      | 5494 ||| IDENTIFYING fizzy ruby potion
  5512 | D:6      | 5512 ||| BUYING scroll of identify (24 gold).
  5512 | D:6      | Bought a scroll of identify for 24 gold pieces
  5512 | D:6      | 5512 ||| BUYING scroll of identify (24 gold).
  5512 | D:6      | Bought a scroll of identify for 24 gold pieces
  5512 | D:6      | 5512 ||| BUYING scroll of identify (24 gold).
  5512 | D:6      | Bought a scroll of identify for 24 gold pieces
  5512 | D:6      | 5512 ||| BUYING scroll of identify (24 gold).
  5512 | D:6      | Bought a scroll of identify for 24 gold pieces
  5512 | D:6      | 5512 ||| BUYING scroll of teleportation (36 gold).
  5512 | D:6      | Bought a scroll of teleportation for 36 gold pieces
  5512 | D:6      | 5512 ||| BUYING scroll of teleportation (36 gold).
  5512 | D:6      | Bought a scroll of teleportation for 36 gold pieces
  5534 | D:6      | 5534 ||| Stepping ~*~*~tactically~*~*~ (stealth).
  5541 | D:6      | Reached skill level 8 in Axes
  5544 | D:6      | 5544 ||| Stepping ~*~*~tactically~*~*~ (hiding).
  5546 | D:6      | 5546 ||| Stepping ~*~*~tactically~*~*~ (hiding).
  5560 | D:6      | Reached skill level 6 in Fighting
  5561 | D:6      | HP: 11/51 [gnoll/+0 halberd[a gnoll sergeant] (3)]
  5561 | D:6      | Slain by a gnoll sergeant

Levels and vault maps discovered:
D:1:      ncdulo_smallfort, layout_rooms
D:2:      layout_loops_cross, nrook_campfire, minmay_misc_feat_alley,
          uniq_terence
D:3:      layout_rooms, gammafunk_ghost_arena, ebering_ecumenical_altar_webs
D:4:      layout_basic, yredelemnul_altar_generic,
          grunt_temple_overflow_diamond, minmay_temple_entry_slanted,
          dk_rats_in_the_wall
D:5:      layout_basic, trog_ov_bears_minmay
D:6:      layout_cave_pools, serial_shops, nicolae_diamond_shop

Skill      XL: |  1  2  3  4  5  6  7  8 |
---------------+-------------------------+-----
Axes           | 2 3 4 5 6 7 8 |  8.0
Fighting       | 4 5 6 |  6.2
Dodging        | 1 |  1.7
Armour         | 4 |  4.1
Shields        | |  3.2

Action                   |  1- 3 |  4- 6 |  7- 9 || total
-------------------------+-------+-------+-------++-------
Melee: War axe           |    66 |   187 |   101 ||   354
  Use: Scroll            |     5 |     7 |     2 ||    14
       Potion            |     1 |     1 |     1 ||     3
Armor: Scale mail        |    22 |       |       ||    22
       Ring mail         |    13 |    11 |       ||    24
       Chain mail        |       |   106 |   118 ||   224
Dodge: Dodged            |    37 |    72 |    73 ||   182
Block: Buckler           |    24 |    30 |    26 ||    80

Table legend:
 A = Non-vault XP
 B = Vault XP
 C = Vault XP percentage of total XP
 D = Non-vault monster count
 E = Vault monster count
 F = Vault count percentage of total count
                 A         B        C        D         E       F
            +---------+---------+-------+---------+---------+-------
      Total |    1624 |     368 |  18.5 |      95 |      24 |  20.2
            +---------+---------+-------+---------+---------+-------
        D:1 |      38 |       0 |   0.0 |       9 |       0 |   0.0
        D:2 |      79 |      36 |  31.3 |      20 |       1 |   4.8
        D:3 |      99 |       0 |   0.0 |      24 |       0 |   0.0
        D:4 |     127 |      82 |  39.2 |      18 |      21 |  53.8
        D:5 |     700 |     250 |  26.3 |      16 |       2 |  11.1
        D:6 |     581 |       0 |   0.0 |       8 |       0 |   0.0
            +---------+---------+-------+---------+---------+-------
